[Event "Fall Chess Classic-A 2019"]
[Site "Saint Louis"]
[Date "2019.09.10"]
[Round "1.2"]
[White "Ipatov, Alexander"]
[Black "Melkumyan, Hrant"]
[Result "0-1"]
[ECO "A37"]
[WhiteElo "2650"]
[BlackElo "2653"]
[Annotator "RC"]
[PlyCount "138"]
[EventDate "2019.09.10"]
[EventType "tourn"]
[EventCountry "USA"]
[SourceTitle "playchess.com"]
[Source "ChessBase"]
[SourceQuality "1"]
[TimeControl "40/5400+30:1800+30"]

1. Nf3 c5 2. c4 Nc6 3. Nc3 g6 4. g3 Bg7 5. Bg2 e5 6. d3 Nge7 7. O-O d6 8. Rb1 O-O 9. a3 a5 10. Bd2 h6 11. Ne1 Be6 12. Nc2 d5 13. cxd5 Nxd5 14. Ne3 Nde7 15. Na4 b6 16. b4 cxb4 17. axb4 b5 18. Nc5 Ba2 19. bxa5 Bxb1 20. Qxb1 Nd4 21. Re1 Ra7 22. Kf1 Nec6 23. Nd5 Nxa5 24. e3 Nf5 25. Qxb5 Nd6 26. Qa4 Qe8 27. Qh4 Qb5 28. Kg1 Nf5 29. Qb4 Qxb4 30. Bxb4 Nc6 31. Bc3 Nce7 32. Rb1 Rc8 33. Nxe7+ Rxe7 34. Ne4 Rd7 35. Bf1 Nd6 36. Nxd6 Rxd6 37. Rb3 Rdc6 38. Bb2 Rc2 39. Bh3 Ra8 40. Ba3 Bf8 41. Bb2 Bd6 42. d4 Rb8 43. Rxb8+ Bxb8 44. Ba3 exd4 45. exd4 Ba7 46. Bc5 Bxc5 47. dxc5 Rxc5 48. Bg4 g5 49. Bf3 Kg7 50. Kg2 Kf6 51. Bb7 Ke5 52. Kf3 Rc7 53. Ba6 Rc3+ 54. Kg2 Kd4 55. Be2 Rc6 56. Bh5 Rf6 57. Be2 Kc3 58. Kf1 Kd2 59. Bc4 Rf5 60. Kg2 Ke1 61. f3 Kd2 62. Kf2 Kc3 63. Ba2 Kd4 64. h4 gxh4 65. gxh4 Rf4 66. Kg3 Ke3 67. Bd5 f5 68. h5 Ra4 69. Bc6 f4+ 0-1

[Event "Fall Chess Classic-A 2019"]
[Site "Saint Louis"]
[Date "2019.09.10"]
[Round "1.4"]
[White "Durarbayli, Vasif"]
[Black "Smirin, Ilia"]
[Result "1-0"]
[ECO "A40"]
[WhiteElo "2626"]
[BlackElo "2599"]
[Annotator "RC"]
[PlyCount "76"]
[EventDate "2019.09.10"]
[EventType "tourn"]
[EventCountry "USA"]
[SourceTitle "playchess.com"]
[Source "ChessBase"]
[SourceQuality "1"]
[TimeControl "40/5400+30:1800+30"]

1. d4 Nf6 2. c4 e6 3. g3 c5 4. Nf3 cxd4 5. Nxd4 d5 6. Bg2 e5 7. Nf3 d4 8. O-O Nc6 9. e3 Be7 10. exd4 exd4 11. b4 Bxb4 12. Nxd4 O-O 13. Nxc6 Qxd1 14. Rxd1 bxc6 15. Ba3 Rb8 16. Bxc6 Bh3 17. Bxb4 Rxb4 18. Nd2 h5 19. Rab1 Rfb8 20. Rb3 R8b6 21. Bf3 Ra4 22. c5 Rba6 23. c6 Rxa2 24. Ne4 Nxe4 25. Bxe4 g6 26. c7 Kg7 27. Bg2 Bc8 28. Rb8 Rd6 29. Rf1 Be6 30. c8=Q Bxc8 31. Rxc8 Rdd2 32. Rc5 a5 33. Bd5 Ra3 34. Rb1 Rad3 35. Bc6 Ra3 36. Rc4 Raa2 37. Rf4 f5 38. h4 Rac2 1-0

[Event "Fall Chess Classic-A 2019"]
[Site "Saint Louis"]
[Date "2019.09.12"]
[Round "3.2"]
[White "Lenderman, Aleksandr"]
[Black "Bortnyk, Olexandr"]
[Result "1-0"]
[ECO "B07"]
[WhiteElo "2645"]
[BlackElo "2602"]
[Annotator "RC"]
[PlyCount "119"]
[EventDate "2019.09.10"]
[EventType "tourn"]
[EventCountry "USA"]
[SourceTitle "playchess.com"]
[Source "ChessBase"]
[SourceQuality "1"]
[TimeControl "40/5400+30:1800+30"]

1. d4 d6 2. e4 Nf6 3. Nc3 e5 4. dxe5 dxe5 5. Qxd8+ Kxd8 6. Bc4 Ke8 7. Nf3 Bd6 8. h3 c6 9. Bg5 Nbd7 10. O-O-O Bc7 11. Rhe1 h6 12. Be3 b5 13. Bf1 a5 14. Nd2 a4 15. a3 Nf8 16. Na2 Ne6 17. c4 Bd7 18. cxb5 cxb5 19. Nc3 Rb8 20. Nf3 b4 21. axb4 Rxb4 22. Nd5 Rb7 23. Ba6 Rb8 24. Nxc7+ Nxc7 25. Bc4 Ne6 26. Nxe5 Ke7 27. Rxd7+ Nxd7 28. Nc6+ Kf6 29. Nxb8 Rxb8 30. Re2 Ne5 31. Rc2 Rb4 32. Bd5 Nf4 33. Bxf4 Nd3+ 34. Kd2 Nxf4 35. Bc6 Ke5 36. Kc3 Rb3+ 37. Kc4 Nxg2 38. Bxa4 Rxh3 39. b4 Ra3 40. Bc6 Nf4 41. b5 Ne6 42. b6 Nd8 43. Bd5 Ra1 44. Rb2 Rc1+ 45. Kb5 f5 46. exf5 Kxf5 47. Re2 Rb1+ 48. Kc5 Rc1+ 49. Kd6 Rd1 50. Re7 Rd2 51. Rxg7 Rxf2 52. Rd7 Rb2 53. Kc7 Ne6+ 54. Bxe6+ Kxe6 55. Rd6+ Ke7 56. Rxh6 Rc2+ 57. Rc6 Rd2 58. b7 Rd7+ 59. Kb6 Rd8 60. Rc8 1-0

[Event "Fall Chess Classic-A 2019"]
[Site "Saint Louis"]
[Date "2019.09.13"]
[Round "4.1"]
[White "Robson, Ray"]
[Black "Smirin, Ilia"]
[Result "1-0"]
[ECO "C97"]
[WhiteElo "2653"]
[BlackElo "2599"]
[Annotator "RC"]
[PlyCount "110"]
[EventDate "2019.09.10"]
[EventType "tourn"]
[EventCountry "USA"]
[SourceTitle "playchess.com"]
[Source "ChessBase"]
[SourceQuality "1"]
[TimeControl "40/5400+30:1800+30"]

1. e4 e5 2. Nf3 Nc6 3. Bb5 a6 4. Ba4 Nf6 5. O-O Be7 6. Re1 b5 7. Bb3 d6 8. c3 O-O 9. h3 Na5 10. Bc2 c5 11. d4 Qc7 12. d5 Bd7 13. b3 Rfe8 14. Nbd2 g6 15. Nf1 Nh5 16. Ng3 Nxg3 17. fxg3 Nb7 18. Be3 c4 19. b4 a5 20. a4 Rec8 21. axb5 Bxb5 22. Ba4 Qd7 23. Bxb5 Qxb5 24. Ra4 Bd8 25. Nd2 Bb6 26. Bxb6 Qxb6+ 27. Kh2 axb4 28. Nxc4 Qc7 29. Rxb4 Rab8 30. Qf3 Nc5 31. Qf6 Rd8 32. Rxb8 Qxb8 33. Rf1 Rd7 34. Qf3 Qd8 35. Qe3 Qc7 36. Rb1 Nb7 37. Qa7 Kg7 38. Rb4 h5 39. Qe3 Qc5 40. Qf3 Qc7 41. g4 hxg4 42. Qxg4 Qd8 43. Rb1 Rc7 44. Ne3 Nc5 45. Nf5+ Kf8 46. Qh4 Ke8 47. Rb8 Qxb8 48. Qh8+ Kd7 49. Qxb8 gxf5 50. exf5 Rc8 51. Qa7+ Rc7 52. Qb6 Ne4 53. c4 Nc5 54. h4 Rc8 55. f6 Ne4 1-0

[Event "Fall Chess Classic-A 2019"]
[Site "Saint Louis"]
[Date "2019.09.14"]
[Round "5.2"]
[White "Durarbayli, Vasif"]
[Black "Ipatov, Alexander"]
[Result "0-1"]
[ECO "B00"]
[WhiteElo "2626"]
[BlackElo "2650"]
[Annotator "RC"]
[PlyCount "81"]
[EventDate "2019.09.10"]
[EventType "tourn"]
[EventCountry "USA"]
[SourceTitle "playchess.com"]
[Source "ChessBase"]
[SourceQuality "1"]
[TimeControl "40/5400+30:1800+30"]

1. e4 b6 2. d4 Bb7 3. Bd3 g6 4. c3 Bg7 5. Bg5 d6 6. Nf3 Nd7 7. Nbd2 h6 8. Bh4 Ngf6 9. e5 dxe5 10. dxe5 Nc5 11. Bb5+ Nfd7 12. b4 Ne6 13. Bg3 c5 14. O-O Nc7 15. Bc4 b5 16. Bb3 c4 17. Bc2 Ne6 18. a4 a6 19. h4 Nb6 20. Re1 O-O 21. h5 g5 22. Qe2 Nxa4 23. Bxa4 bxa4 24. Nxc4 Rc8 25. Na5 Ba8 26. Rec1 Qb6 27. Rxa4 Qb5 28. Ra2 Rfd8 29. Nb3 Bd5 30. Nbd4 Qxe2 31. Rxe2 g4 32. Nf5 gxf3 33. Re3 Bf8 34. gxf3 Ng5 35. Nh4 e6 36. Rce1 Rc4 37. Kh2 Rdc8 38. f4 Ne4 39. f5 Nxg3 40. Kxg3 Rxc3 41. f6 0-1

[Event "Fall Chess Classic-A 2019"]
[Site "Saint Louis"]
[Date "2019.09.14"]
[Round "5.3"]
[White "Van Foreest, Jorden"]
[Black "Bortnyk, Olexandr"]
[Result "1-0"]
[ECO "B04"]
[WhiteElo "2622"]
[BlackElo "2602"]
[Annotator "RC"]
[PlyCount "51"]
[EventDate "2019.09.10"]
[EventType "tourn"]
[EventCountry "USA"]
[SourceTitle "playchess.com"]
[Source "ChessBase"]
[SourceQuality "1"]
[TimeControl "40/5400+30:1800+30"]

1. e4 Nf6 2. e5 Nd5 3. d4 d6 4. Nf3 dxe5 5. Nxe5 c6 6. h3 g6 7. Bc4 Bg7 8. O-O O-O 9. Re1 Nd7 10. Nf3 a5 11. a4 N7b6 12. Bb3 Bf5 13. Bg5 Re8 14. Qd2 Qc7 15. Na3 Qd7 16. Rad1 h6 17. Bxh6 Bxh3 18. Ne5 Bxe5 19. dxe5 Be6 20. Qg5 Qc7 21. Rd4 Bf5 22. c4 Nb4 23. Re3 Nd7 24. Qxf5 Qxe5 25. Qxe5 Nxe5 26. Rxe5 1-0

[Event "Fall Chess Classic-A 2019"]
[Site "Saint Louis"]
[Date "2019.09.14"]
[Round "5.5"]
[White "Smirin, Ilia"]
[Black "Akobian, Varuzhan"]
[Result "1-0"]
[ECO "C07"]
[WhiteElo "2599"]
[BlackElo "2618"]
[Annotator "RC"]
[PlyCount "101"]
[EventDate "2019.09.10"]
[EventType "tourn"]
[EventCountry "USA"]
[SourceTitle "playchess.com"]
[Source "ChessBase"]
[SourceQuality "1"]
[TimeControl "40/5400+30:1800+30"]

1. e4 e6 2. d4 d5 3. Nd2 c5 4. Ngf3 cxd4 5. Nxd4 Nc6 6. Bb5 Bd7 7. Nxc6 bxc6 8. Bd3 Qc7 9. Qe2 Ne7 10. g3 Ng6 11. f4 Bc5 12. Nb3 Bb6 13. Be3 O-O 14. O-O c5 15. c4 d4 16. Bf2 f5 17. Qh5 Rae8 18. Rae1 Qc8 19. exf5 exf5 20. Rxe8 Bxe8 21. Qd1 Bc6 22. Be2 Qb7 23. Be1 Re8 24. Bd2 Ne7 25. Nc1 Be4 26. Nd3 Nc6 27. a3 a5 28. Re1 Ba7 29. Bf3 Qd7 30. Nf2 Bxf3 31. Rxe8+ Qxe8 32. Qxf3 g6 33. Qd5+ Kg7 34. Kf1 a4 35. g4 Ne7 36. Qb7 Bb8 37. gxf5 gxf5 38. Qb6 Ng6 39. Qxc5 Qd7 40. Nd3 Kh6 41. Qb5 Qc8 42. Qd5 Ba7 43. c5 Bb8 44. Ke2 Qe8+ 45. Kd1 Qc8 46. Qxd4 Qc6 47. Kc2 Bc7 48. Nb4 Qf3 49. Nd5 Bd8 50. c6 Qb3+ 51. Kc1 1-0

[Event "Fall Chess Classic-A 2019"]
[Site "Saint Louis"]
[Date "2019.09.15"]
[Round "6.1"]
[White "Robson, Ray"]
[Black "Akobian, Varuzhan"]
[Result "1-0"]
[ECO "C11"]
[WhiteElo "2653"]
[BlackElo "2618"]
[Annotator "RC"]
[PlyCount "111"]
[EventDate "2019.09.10"]
[EventType "tourn"]
[EventCountry "USA"]
[SourceTitle "playchess.com"]
[Source "ChessBase"]
[SourceQuality "1"]
[TimeControl "40/5400+30:1800+30"]

1. e4 e6 2. d4 d5 3. Nc3 Nf6 4. e5 Nfd7 5. f4 c5 6. Nf3 Nc6 7. Be3 Qb6 8. Na4 Qa5+ 9. c3 b6 10. Bd2 c4 11. b4 Qa6 12. Be2 Be7 13. O-O O-O 14. Qc2 f5 15. Nb2 b5 16. a4 Nb6 17. a5 Nd7 18. Nd1 Rf7 19. Ng5 Bxg5 20. fxg5 Ne7 21. h4 Bb7 22. Nf2 Qc6 23. Nh3 a6 24. Nf4 Nf8 25. h5 g6 26. Rf2 Bc8 27. Raf1 Bd7 28. g3 Be8 29. Rh2 Rg7 30. Kg2 gxh5 31. Rfh1 Bg6 32. Qd1 Kf7 33. Bxh5 Ke8 34. Bf3 Kd7 35. Qe2 Re8 36. Kf2 Ra8 37. Ke1 Kc7 38. Kd1 Nd7 39. Kc1 Rag8 40. Rh6 Nf8 41. Qg2 Qe8 42. Kb2 Qf7 43. Rf1 Qe8 44. g4 fxg4 45. Bxg4 Be4 46. Qf2 Rxg5 47. Nxe6+ Nxe6 48. Bxg5 Rxg5 49. Rxe6 Rxg4 50. Qf7 Rg2+ 51. Kc1 Qxf7 52. Rxf7 Rc2+ 53. Kd1 Rxc3 54. Rfxe7+ Kd8 55. Re8+ Kd7 56. R6e7+ 1-0